cohdb
Replays
Latest Replays
All Replays
Popular Replays
Top Player Replays
Match Explorer
How It Works
Community
CoH3 Stats
Reddit
Sign in to upload your games and track your stats! →
Sign in with Steam
Match 44759761
Unlisted
Match 44759761
Overview
Messages
Build Orders
End
Vickers Machine Gun Team
Construct Section Command Post
Dingo Light Scout Car
Infantry Section
Infantry Section
Construct Field Infirmary
Construct Platoon Command Post
Infantry Training
Light Vehicle Training
Grenade Package
Unlock M3 Stuart Light Tanks
M3 Stuart Light Tank
M3 Stuart Light Tank
Construct Company Command Post
Foot Guards Section
Foot Guards Section
Unlock M3 Grant Medium Tanks
Team Weapon Training
Armored Vehicle Training
M3 Grant Medium Tank
Selects Heavy Armor Battlegroup
Selects Engineer Detachments
Selects Forward Repair Assembly
Selects Light Vehicle Withdraw and Refit
Selects UNKNOWN (202330)
M3 Grant Medium Tank
Selects Recon Artillery
Recon Artillery
M3 Grant Medium Tank
Unlock Bishop Self-propelled Artillery
Unlock Towed 17-pounder Anti-tank Guns
SHEFF
mirage200035
MOMO
lplp4943718
谜之果然翁
kite
Hshm96
Special Week
0
0
Comments
sign in to comment!
No comments posted yet!